 Dungeon Crawl Stone Soup version 0.29-a0-319-gad05b8d819 (webtiles) character file.

Game seed: 4215089323477482547

6492 jmlagarto the Nimble (level 11, -4/65 HPs)
             Began as a Djinni Fire Elementalist on Mar 31, 2022.
             Slain by a yak (6 damage)
             ... on level 10 of the Dungeon on Apr 1, 2022.
             The game lasted 00:23:49 (10681 turns).

jmlagarto the Nimble (Djinni Fire Elementalist)    Turns: 10681, Time: 00:23:50

Health: -4/65      AC:  9    Str:  7    XL:     11   Next: 19%
Gold:   654        EV: 23    Int: 20    God:
                   SH:  8    Dex: 15

rFire   + + .      SeeInvis .   p - +2 dagger (venom)
rCold   x . .      Faith    .   I - +0 kite shield
rNeg    . . .      Spirit   .   G - +0 steam dragon scales
rPois   ∞          Reflect  .   A - +2 helmet
rElec   .          Harm     .   E - scarf {repulsion}
rCorr   .          Rampage  .   h - +0 pair of gloves
Will    +....                   (boots unavailable)
Stlth   ++++......              i - amulet of regeneration
HPRegen 1.00/turn               a - +4 ring of evasion
MPRegen 0.00/turn               H - +4 ring of evasion

@: about to teleport, flying, very slightly contaminated, repel missiles
A: sickness immunity, fire resistance 2, cold vulnerability 1, float, innate
caster, HP casting, extra vitality 1
a: no special abilities


You were on level 10 of the Dungeon.
You visited 1 branch of the dungeon, and saw 11 of its levels.

You collected 654 gold pieces.

Inventory:

Hand Weapons
 f - a +2 short sword of speed
 p - a +2 dagger of venom (weapon)
Missiles
 x - 2 throwing nets
Armour
 h - a +0 pair of gloves (worn)
 A - a +2 helmet (worn)
 E - a scarf of repulsion (worn)
 G - +0 steam dragon scales (worn)
 I - a +0 kite shield (worn)
Magical Staves
 z - a staff of earth
 C - a staff of air
Jewellery
 a - a +4 ring of evasion (left hand)
 g - an amulet of the acrobat
 i - an amulet of regeneration (around neck)
 H - a +4 ring of evasion (right hand)
 J - a +6 ring of strength
Wands
 L - a wand of mindburst (9)
 M - a wand of acid (8)
Scrolls
 b - 3 scrolls of magic mapping
 c - 2 scrolls of blinking
 d - a scroll of silence
 e - a scroll of fear {unknown}
 k - a scroll of summoning
 l - 2 scrolls of teleportation
 s - 4 scrolls of enchant weapon
 v - 7 scrolls of enchant armour
 y - 2 scrolls of immolation {unknown}
 B - 2 scrolls of fog {unknown}
 K - 2 scrolls of brand weapon {unknown}
Potions
 j - 7 potions of curing
 m - 3 potions of attraction
 n - 4 potions of brilliance
 o - 3 potions of might
 q - 2 potions of berserk rage {unknown}
 r - 3 potions of lignification {unknown}
 t - 2 potions of invisibility {unknown}
 u - a potion of degeneration {unknown}
 w - 2 potions of heal wounds {unknown}
 D - a potion of flight {unknown}
 F - a potion of cancellation {unknown}


   Skills:
 + Level 2.5 Armour
 + Level 10.3 Dodging
 - Level 8.2 Stealth
 + Level 1.0 Shields
 + Level 7.6 Spellcasting
 + Level 2.5 Evocations


You couldn't memorise any spells.
You knew the following spells:

 Your Spells              Type           Power      Damage    Failure   Level
a - Foxfire               Conj/Fire      100%       2x1d9     1%          1
b - Scorch                Fire           76%        2d9       1%          2
c - Conjure Flame         Conj/Fire      38%        6-21      4%          3
d - Inner Flame           Hex/Fire       38%        N/A       4%          3
e - Flame Wave            Conj/Fire      38%        2d9       13%         4
f - Magic Dart            Conj           100%       1d8       1%          1
g - Call Imp              Summ           38%        N/A       1%          2
h - Swiftness             Air            38%        N/A       4%          3
i - Portal Projectile     Hex/Tloc       76%        N/A       4%          3
j - Animate Dead          Necr           19%        N/A       13%         4
Your spell library was empty.

Dungeon Overview and Level Annotations

Branches:
Dungeon (11/15)            Temple (0/1) D:5
   Lair: D:8-11         Orc: D:9-12

Altars:
Dithmenos
Elyvilon
Kikubaaqudgha
Qazlal
Ru
Vehumet

Shops:
D:8 (

Portals:
Trove: D:11 (give 15 potions of curing)


Innate Abilities, Weirdness & Mutations

You are immune to sickness and miasma.
You are immune to poison.
Your flesh is very heat resistant. (rF++)
You are vulnerable to cold. (rC-)
You float through the air rather than walking.
You learn spells naturally, not from books.
Your magical power is your life essence.
You have superior vitality. (+4 MHP)


Message History

You hear a bellow! x2
The yak gores you! The yak barely misses you.
Your Shields skill increases to level 1!
A wave of flame ripples out!
The flame wave engulfs the yak.
The yak is heavily wounded.
The flame wave engulfs the yak.
The yak is heavily wounded.
The flame wave engulfs the yak!
The yak is moderately wounded.
You hear an angry hiss.
A komodo dragon comes into view.
The yak completely misses you.
A wave of flame ripples out!
The flame wave engulfs the yak!
The yak is severely wounded.
The flame wave engulfs the yak!
The yak is severely wounded.
The flame wave engulfs the yak!
The yak is severely wounded.
The flame wave engulfs the yak!
The yak is moderately wounded.
The flame wave engulfs the wraith!
The wraith is moderately damaged.
You finish channelling waves of flame.
You hear two shouts!
A troll comes into view.
A yak comes into view.
The yak gores you. The yak gores you! The yak misses you.
A water moccasin comes into view.
Casting: Flame Wave (dangerous; 13% risk of failure)
Confirm with . or Enter, or press ? or * to list all spells.
You don't know that spell.
The yak gores you!
* * * LOW HITPOINT WARNING * * *
The yak completely misses you. You block the yak's attack.
You fly upwards.
There is a stone staircase leading down here.
As you read the scroll of teleportation, it crumbles to dust.
You feel strangely unstable. The yak gores you!
* * * LOW HITPOINT WARNING * * *
The yak completely misses you. The yak gores you.
You die...

#.############ #.# #.#
#########.#
##########.......#.#
#........#.#####.#.#
#.######.#.#####.#.#### #.#
#..........YY.....# #.#
#.##.#.#####@#.##.# #.#
#.##.#.# #.Y..#.#
#.###.##.#.#####......#
#........#..........#.#########
###.#.##.#########.##.........#
#.#.##.# #.##########.#
#.#.##.# #.# #.# #.#...[# ##'##
##.## #.###..# ##...## ##...##


You could see 3 yaks.

Vanquished Creatures
  A two-headed ogre (D:9)
  A cyclops (D:9)
  2 trolls
  A wraith (D:10)
  2 vampires
  2 yaks (D:11)
  A steam dragon (D:6)
  Duvessa (D:5)
  A water moccasin (D:7)
  4 orc warriors
  3 ice beasts
  2 black bears
  4 centaurs
  5 phantoms
  3 bullfrogs
  2 kobold brigands
  5 scorpions
  12 wights
  Dowan (D:4)
  8 killer bees
  3 hounds
  4 jellies
  3 orc priests
  A gnoll shaman (D:5)
  5 iguanas
  8 orc wizards
  5 adders
  4 gnolls (D:5)
  2 shadow imps
  A white imp (D:7)
  An ufetubus (D:6)
  2 worms (D:3)
  6 dart slugs
  35 orcs
  7 bats
  5 endoplasms
  A giant cockroach (D:3)
  6 goblins
  5 hobgoblins
  7 jackals
  8 kobolds
  5 quokkas
  4 ball pythons
  4 frilled lizards
  7 rats
200 creatures vanquished.

Vanquished Creatures (collateral kills)
  14 foxfires (D:4)
14 creatures vanquished.

Vanquished Creatures (others)
  An endoplasm (D:4)
  1029 foxfires
  17 fungi (D:11)
  18 plants
1065 creatures vanquished.

Grand Total: 1279 creatures vanquished

Notes
Turn   | Place    | Note
-------+----------+-------------------------------------------
     0 | D:1      | jmlagarto the Djinni Fire Elementalist began the quest for
                  | the Orb.
     0 | D:1      | Reached XP level 1. HP: 15/15 MP: 0/0
   262 | D:1      | Reached XP level 2. HP: 18/21 MP: 0/0
   444 | D:1      | Found a faded altar of an unknown god.
   852 | D:1      | Reached XP level 3. HP: 17/25 MP: 0/0
   852 | D:1      | Learned a level 1 spell: Magic Dart
  1744 | D:2      | Reached skill level 3 in Dodging
  1935 | D:2      | Noticed a phantom
  1944 | D:2      | Killed a phantom
  1945 | D:2      | Reached XP level 4. HP: 20/31 MP: 0/0
  1945 | D:2      | Reached XP level 5. HP: 23/35 MP: 0/0
  1945 | D:2      | Learned a level 2 spell: Call Imp
  2556 | D:3      | Noticed a phantom
  2566 | D:3      | Killed a phantom
  2567 | D:3      | Reached skill level 4 in Dodging
  2567 | D:3      | Reached XP level 6. HP: 15/40 MP: 0/0
  4318 | D:3      | Noticed a black bear
  4331 | D:3      | Killed a black bear
  4332 | D:3      | Reached XP level 7. HP: 38/45 MP: 0/0
  4332 | D:3      | Learned a level 3 spell: Swiftness
  4901 | D:4      | Reached skill level 5 in Dodging
  5420 | D:4      | Reached XP level 8. HP: 39/50 MP: 0/0
  5790 | D:5      | Entered Level 5 of the Dungeon
  5835 | D:5      | Noticed Duvessa
  5839 | D:5      | Noticed Dowan
  5873 | D:5      | Killed Duvessa
  5991 | D:4      | Killed Dowan
  5992 | D:4      | Reached skill level 6 in Dodging
  6039 | D:5      | Reached skill level 5 in Stealth
  6129 | D:5      | Found a staircase to the Ecumenical Temple.
  6348 | D:5      | Found a shadowy altar of Dithmenos.
  6515 | D:5      | Reached skill level 5 in Spellcasting
  6632 | D:5      | Reached XP level 9. HP: 55/55 MP: 0/0
  6632 | D:5      | Learned a level 3 spell: Portal Projectile
  6726 | D:5      | Upgraded the game from 0.29-a0-317-gd16b76e6b1 to
                  | 0.29-a0-319-gad05b8d819
  6802 | D:6      | Reached skill level 7 in Dodging
  7521 | D:7      | Found a sacrificial altar of Ru.
  7650 | D:7      | Reached skill level 8 in Dodging
  7927 | D:7      | Reached XP level 10. HP: 60/60 MP: 0/0
  8754 | D:8      | Reached skill level 9 in Dodging
  8811 | D:8      | Found Nylytai's Antique Weapon Boutique.
  9234 | D:9      | Noticed a cyclops
  9240 | D:9      | Killed a cyclops
  9473 | D:9      | Noticed a two-headed ogre
  9483 | D:9      | Killed a two-headed ogre
  9589 | D:9      | Found a white marble altar of Elyvilon.
  9635 | D:9      | Reached skill level 10 in Dodging
  9762 | D:9      | Reached skill level 1 in Armour
  9762 | D:9      | Reached skill level 1 in Evocations
  9762 | D:9      | Reached XP level 11. HP: 51/65 MP: 0/0
  9762 | D:9      | Learned a level 4 spell: Animate Dead
  9849 | D:10     | Entered Level 10 of the Dungeon
 10067 | D:10     | Found a stormy altar of Qazlal.
 10653 | D:11     | Found a portal to a secret trove of treasure.
 10677 | D:11     | Reached skill level 1 in Shields
 10681 | D:10     | HP: 2/65 [yak (14)]
 10681 | D:10     | Slain by a yak

Illustrated notes

Levels and vault maps discovered:
D:1:      dpeg_arrival_tiny_h, layout_loops_ring, ebering_ecumenical_altar_mist
D:2:      layout_rooms, minmay_misc_feat_x, kennysheep_generic_room_7
D:3:      layout_basic, chequers_hall_statues_wall_a, minmay_close_crescents
D:4:      layout_loops_ring, fiery_altar_vehumet, serial_forest,
          infiniplex_forest_zigzag_1, infiniplex_forest_lined_ring,
          infiniplex_forest_end_3, infiniplex_forest_clump_medium,
          infiniplex_forest_clump_double
D:5:      layout_basic, nicolae_dithmenos_the_darkroom,
          minmay_temple_entry_statues_fountains, st_stairs_2,
          minmay_misc_feat_nine_boxes, chequers_serial_rivers_micro_a,
          grunt_ministairs_13, hangedman_abyss_or_decor_passed, uniq_duvessa
D:6:      cheibrodos_iron_armory, layout_loops_ring
D:7:      layout_layer_cave, old_standard_altar, kennysheep_potato
D:8:      layout_gridville, serial_shops, nicolae_shop_crystal
D:9:      layout_basic, kiku_gazebo_pond_becter,
          mainiacjoe_overflow_tiny_flanked
D:10:     layout_loops_corners, lemuel_doored_altar,
          chequers_serial_rivers_micro_d
D:11:     layout_basic, due_lair_maze_entry_diamond, enter_trove_2,
          grunt_ministairs_6, uniq_lodul, uniq_snorg

Skill      XL: |  1  2  3  4  5  6  7  8  9 10 11 |
---------------+----------------------------------+-----
Stealth        | 2 3 4 5 7 8 |  8.2
Dodging        | 3 4 5 6 8 10 | 10.3
Spellcasting   | 3 4 5 6 7 |  7.6
Armour         | 1 2 |  2.5
Evocations     | 1 2 |  2.5
Shields        | 1 |  1.0

Action                   |  1- 3 |  4- 6 |  7- 9 | 10-12 || total
-------------------------+-------+-------+-------+-------++-------
Melee: Hand axe          |     6 |       |       |       ||     6
       Punch             |     1 |       |       |       ||     1
       Short sword       |       |     1 |       |       ||     1
       Dagger            |       |     4 |     2 |       ||     6
 Cast: Foxfire           |    78 |   121 |   225 |   219 ||   643
       Scorch            |       |     1 |    36 |    19 ||    56
       Inner Flame       |       |       |     6 |     3 ||     9
       Swiftness         |       |       |     1 |       ||     1
       Magic Dart        |       |       |    48 |    26 ||    74
       Flame Wave        |       |       |     1 |     7 ||     8
       Conjure Flame     |       |       |       |     2 ||     2
  Use: Scroll            |       |       |    11 |     3 ||    14
       Potion            |       |       |     2 |       ||     2
 Stab: Sleeping          |       |       |     1 |       ||     1
Armor: Robe              |     5 |     2 |     6 |       ||    13
       Steam dragon scal |       |       |     3 |    11 ||    14
Dodge: Dodged            |    11 |    11 |    76 |    80 ||   178
       Repelled          |       |       |       |     1 ||     1
Block: Kite shield       |       |       |       |     4 ||     4

Table legend: (Time is in decaauts)
 A = Elapsed time spent in this place.
 B = Non-inter-level travel time spent in this place.
 C = Inter-level travel time spent in this place.
 D = Time resting spent in this place.
 E = Time spent auto-exploring this place.
 F = Levels seen in this place.
 G = Mean time per level.
                   A        B        C        D        E       F      G
               +--------+--------+--------+--------+--------+-----+--------+
         Total |  10684 |  10288 |    396 |     77 |   8532 |  11 |  971.3 |
       Dungeon |  10684 |  10288 |    396 |     77 |   8532 |  11 |  971.3 |
               +--------+--------+--------+--------+--------+-----+--------+

Top non-repeatable levels by time:
     D:3: 2169 daAuts
     D:1: 1444 daAuts
     D:2: 1285 daAuts
     D:7: 1047 daAuts
     D:4: 1021 daAuts
     D:8: 833 daAuts
     D:5: 825 daAuts
    D:10: 803 daAuts
     D:6: 655 daAuts
     D:9: 567 daAuts
    D:11: 28 daAuts
